[Event "*** Titled Tuesday Blitz"]
[Site "Chess.com"]
[Date "2021.02.16"]
[Round "5"]
[White "The_filthy"]
[Black "Sergey85Rodchenkov"]
[Result "0-1"]
[WhiteElo "2331"]
[BlackElo "2493"]
[TimeControl "180+1"]
[EndTime "10:58:03 PST"]
[Termination "Sergey85Rodchenkov won by resignation"]

1. e4 c5 2. Nf3 d6 3. d4 cxd4 4.
Nxd4 Nf6 5. Nc3 a6 6. Be3 e5 7. Nb3 Be7 8. f3 Be6 9. Qd2 Qc7 10. g4 b5 11. O-O-O O-O 12. g5 b4 13. Ne2 Nfd7 14.
Kb1 a5 15. Ng3 a4 16. Nc1 Rd8 17. Nf5 Bf8 18. Bd3 Nc6 19. h4 Nc5 20. h5 Nxd3 21.
cxd3 d5 22. g6 fxg6 23. hxg6 hxg6 24. Qh2 gxf5 25. Qh7+ Kf7 26. exf5 Ne7 27. fxe6+ Kxe6 28.
d4 Rac8 29. Ne2 Kf7 30. Rc1 Qd6 31. Rhf1 Qg6+ 32. Qxg6+ Nxg6 33. dxe5 Nxe5 34. Nd4 Nc4 35. Bg5 Ra8 36. Bxd8 Rxd8 37. Rfd1 g6 38. Nc6 Rd6 39. Rxc4 dxc4 40. Rxd6 Bxd6 41. Kc2 Ke6 42. Nd4+ Kd5 43. Ne2 Be5 44. f4 b3+ 45. axb3 axb3+ 46. Kb1 Bf6 47. Kc1 Ke4 48. Kd2 0-1

[Event "*** Titled Tuesday Blitz"]
[Site "Chess.com"]
[Date "2021.02.16"]
[Round "5"]
[White "ural58"]
[Black "Infernal_XaM"]
[Result "0-1"]
[WhiteElo "2525"]
[BlackElo "2823"]
[TimeControl "180+1"]
[EndTime "10:58:04 PST"]
[Termination "Infernal_XaM won on time"]

1. e4 e5 2. f4 d6 3. Bc4 exf4 4. Nc3 Nc6 5. d4 Nf6 6. Bxf4 Nxe4 7. Qe2 f5 8. Nxe4 fxe4 9. Qxe4+ Qe7 10. Qxe7+ Bxe7 11. c3 Na5 12. Bd3 O-O 13. Be3 Bf5 14. O-O-O Bxd3 15. Rxd3 Nc4 16. Nf3 Rae8 17. Kc2 d5 18. Bc1 Bd6 19.
b3 Nb6 20. Rhd1 Nd7 21. Bg5 h6 22. Bh4 Re4 23. Be1 Nf6 24. h3 Nh5 25. Bd2 Re2 26.
Ne1 Rff2 27. Rf3 Rxf3 28. gxf3 Rh2 29. c4 c6 30. cxd5 cxd5 31. Kd3 Rxh3 32. Rc1 Nf6 33. Rc8+ Kf7 34. Rd8 Ke7 35. Ra8 a6 36. Ra7 g5 37.
Rxb7+ Nd7 38. Ke2 Rh2+ 39. Kd3 Ke6 40. Ra7 Nb8 0-1

[Event "*** Titled Tuesday Blitz"]
[Site "Chess.com"]
[Date "2021.02.16"]
[Round "5"]
[White "EugeneRougon"]
[Black "Pelopidass"]
[Result "1-0"]
[WhiteElo "2740"]
[BlackElo "2589"]
[TimeControl "180+1"]
[EndTime "10:58:04 PST"]
[Termination "EugeneRougon won by resignation"]

1. e4 c5 2. Nf3 d6 3. d4 cxd4 4. Nxd4 Nf6 5. Nc3 a6 6. Be3 e5 7. Nf3 Be7 8. Bc4 Be6 9. Bxe6 fxe6 10. Ng5 Qd7 11. Qf3 d5 12. O-O-O d4 13. Bxd4 exd4 14. e5 O-O 15. exf6 Bxf6 16. Qg4 e5 17. Qg3 Nc6 18.
Nce4 Bxg5+ 19. Nxg5 Qf5 20. Rd2 Rac8 21. Re1 h6 22.
Ne4 Kh8 23. Kb1 Nb4 24. Qb3 a5 25. a3 Na6 26. Nd6 Qg5 27. Rde2 Qxg2 28. Nxc8 Rxc8 29. Rxe5 Qxf2 30. Re8+ Rxe8 31. Rxe8+ Kh7 32. Qg8+ Kg6 33. Re6+ Kh5 34. Qe8+ Kh4 35. Re4+ Kh3 36. Qh5+ Kg2 37. Re2 1-0

[Event "*** Titled Tuesday Blitz"]
[Site "Chess.com"]
[Date "2021.02.16"]
[Round "5"]
[White "ZEN-22"]
[Black "Margency"]
[Result "1-0"]
[WhiteElo "2497"]
[BlackElo "2681"]
[TimeControl "180+1"]
[EndTime "10:58:05 PST"]
[Termination "ZEN-22 won by resignation"]

1. e4 c5 2. Nf3 d6 3. b3 Nf6 4. Bb5+ Bd7 5. Qe2 a6 6. Bxd7+ Nbxd7 7. Bb2 g6 8. e5 dxe5 9. Nxe5 Bg7 10. O-O O-O 11.
Nxd7 Qxd7 12. Re1 Rfe8 13. a4 Rad8 14. d3 Nd5 15. Bxg7 Kxg7 16. Nc3 Nxc3 17. Qe5+ Kg8 18.
Qxc3 Qd4 19. Qd2 Rd5 20. a5 e6 21. Ra4 Qb2 22. h4 h5 23. g4 hxg4 24. Rxg4 Red8 25. Re3 Qf6 26. Reg3 Rh5 27. Rf4 Qh8 28. Rgg4 Rd4 29. Rxd4 cxd4 30. Qf4 Qg7 31. Qb8+ Kh7 32. Qxb7 f5 33. Qxg7+ Kxg7 34. Rxd4 Kf6 35. b4 Ke5 36. c3 f4 37. b5 axb5 38. a6 Rxh4 39. Rb4 Rh8 40. Rxb5+ Kd6 41. a7 Ra8 42. Ra5 Kc6 43. Kg2 Kb6 44. Ra4 Rxa7 45. Rxa7 Kxa7 46. Kf3 e5 47. Ke4 g5 48. Kxe5 Kb6 49. Kf5 1-0

[Event "*** Titled Tuesday Blitz"]
[Site "Chess.com"]
[Date "2021.02.16"]
[Round "5"]
[White "Guzman70"]
[Black "noblerone"]
[Result "1-0"]
[WhiteElo "2240"]
[BlackElo "2396"]
[TimeControl "180+1"]
[EndTime "10:58:05 PST"]
[Termination "Guzman70 won on time"]

1. d4 d5 2. Bf4 c5 3. e3 Nc6 4. c3 Nf6 5. Nd2 Bf5 6. Ngf3 e6 7.
Bb5 Qb6 8. Qa4 a6 9. Bxc6+ bxc6 10. Ne5 Rc8 11. O-O Be7 12. dxc5 Bxc5 13. Nb3 Bc2 14. Rfc1 Bf5 15. Nxc5 Qxc5 16. Qd4 Qb5 17. a4 Qb7 18. Nd3 Bxd3 19. Qxd3 O-O 20. b4 Nd7 21. Bd6 Rfe8 22. a5 Qb5 23. Qd4 e5 24. Qg4 Nf6 25. Qf5 e4 26. Be5 Re6 27. Bxf6 gxf6 28. Qg4+ Kf8 29. Rd1 Rce8 30. Rac1 Ke7 31. Qf4 Rd8 32. h4 h5 33. Rd4 Re5 34. Qh6 1-0

[Event "*** Titled Tuesday Blitz"]
[Site "Chess.com"]
[Date "2021.02.16"]
[Round "5"]
[White "TST2014"]
[Black "JQuiroga18"]
[Result "0-1"]
[WhiteElo "2569"]
[BlackElo "2427"]
[TimeControl "180+1"]
[EndTime "10:58:06 PST"]
[Termination "JQuiroga18 won by checkmate"]

1. d4 Nf6 2. c4 e6 3. Nf3 c5 4. e3 b6 5. d5 exd5 6. cxd5 d6 7.
Nc3 g6 8. Bb5+ Bd7 9. a4 Bg7 10. O-O O-O 11. h3 a6 12. Bd3 Re8 13. e4 Bc8 14.
Bf4 Bb7 15. Re1 Bf8 16. Nd2 Nbd7 17. Nc4 Ne5 18. Nxe5 dxe5 19. Bg5 Qd6 20. Nb1 h6 21. Be3 c4 22. Bc2 Nd7 23. Na3 Rac8 24. Qe2 Qc7 25. Rec1 Bc5 26. Bxh6 Bd4 27. Bd1 c3 28. bxc3 Bc5 29. h4 Qd6 30. Nc4 Qf6 31. Bg5 Qg7 32. Bb3 f6 33. Be3 f5 34. Bg5 fxe4 35. Qxe4 Nf6 36. Qf3 Bxd5 37. Qxf6 Qxf6 38. Bxf6 Rf8 39.
Bxe5 Bxf2+ 40. Kh2 Bxc4 41. Bxc4+ Rxc4 42. Rf1 Rxh4# 0-1

[Event "*** Titled Tuesday Blitz"]
[Site "Chess.com"]
[Date "2021.02.16"]
[Round "5"]
[White "Klavdia_Nik"]
[Black "chesslh19"]
[Result "0-1"]
[WhiteElo "2038"]
[BlackElo "2238"]
[TimeControl "180+1"]
[EndTime "10:58:06 PST"]
[Termination "chesslh19 won on time"]

1. Nf3 d5 2. c4 e6 3. b3 Nf6 4.
Bb2 Be7 5. g3 O-O 6. Bg2 b6 7.
O-O Bb7 8. d4 Nbd7 9. Nc3 c5 10.
cxd5 Nxd5 11. e3 Nxc3 12. Bxc3 Rc8 13. Rc1 Nf6 14. Qe2 cxd4 15. Bxd4 Qd5 16. Bb2 Qa5 17.
a3 Ba6 18. Qe1 Bxf1 19. Qxa5 bxa5 20. Bxf1 Rxc1 21. Bxc1 Rc8 22. Bd2 Bxa3 23. Bxa5 Nd5 24. Bc4 Bb4 25. Bxb4 Nxb4 26. Nd4 Nd5 27. Kg2 Kf8 28.
Kf3 Ke7 29. e4 Nb6 30. Ba6 Rc3+ 31. Ke2 Nd7 32. Kd2 Rc7 33. f4 Nc5 34. Ke3 Nxa6 0-1

[Event "*** Titled Tuesday Blitz"]
[Site "Chess.com"]
[Date "2021.02.16"]
[Round "5"]
[White "dragos420"]
[Black "bascheyaro"]
[Result "0-1"]
[WhiteElo "2526"]
[BlackElo "2707"]
[TimeControl "180+1"]
[EndTime "10:58:07 PST"]
[Termination "bascheyaro won by resignation"]

1. e4 e6 2. d4 d5 3. Nc3 Bb4 4.
exd5 exd5 5. Bd3 Nf6 6. Nf3 c5 7. a3 Bxc3+ 8. bxc3 c4 9. Be2 O-O 10. O-O Nc6 11. Bf4 Ne4 12. Bd2 Re8 13. Re1 Bf5 14.
Rb1 Re7 15. Ng5 Nxd2 16. Qxd2 Qd6 17. Ra1 Rae8 18. Nf3 Bg4 19. h3 Bh5 20. Bd1 Rxe1+ 21. Nxe1 Bg6 22. Nf3 f6 23. Nh4 Nd8 24. Nxg6 hxg6 25.
Bf3 Ne6 26. Re1 Kf7 27. Re3 Ng5 28. Rxe8 Nxf3+ 29. gxf3 Kxe8 30. Qc1 Kf7 31. Kg2 g5 32. Qb2 Qd7 33. Qb4 Kg6 34. Qc5 b6 35. Qf8 Qe6 36.
Qa8 a5 37. Qd8 Kh7 38. Kg3 Qf5 39. Qxb6 a4 40. Qc6 Qxc2 41. Qxd5 Qxc3 42. Qf5+ Kh6 43.
h4 gxh4+ 44. Kxh4 Qxd4+ 45. f4 Qxf2+ 46. Kg4 Qg2+ 47. Kh4 g5+ 48. fxg5+ fxg5+ 49. Qxg5+ Qxg5+ 0-1

[Event "*** Titled Tuesday Blitz"]
[Site "Chess.com"]
[Date "2021.02.16"]
[Round "5"]
[White "Nbk90"]
[Black "Taktikmonster"]
[Result "0-1"]
[WhiteElo "2542"]
[BlackElo "2356"]
[TimeControl "180+1"]
[EndTime "10:58:07 PST"]
[Termination "Taktikmonster won by resignation"]

1. Nf3 c5 2. c4 g6 3. e4 Bg7 4. d4 d6 5. d5 Bg4 6. Nbd2 e5 7. h3 Bc8 8. Bd3 Ne7 9. a3 O-O 10. h4 h6 11. Nf1 f5 12. h5 f4 13. hxg6 Nxg6 14.
b3 Nd7 15. Bb2 Nf6 16. Qc2 a5 17. a4 Bd7 18. O-O-O Qe7 19. N1d2 Kf7 20. Rdg1 Ke8 21. g3 Kd8 22. Nh4 Nxh4 23. Rxh4 fxg3 24. Rxg3 Kc7 25. Nb1 h5 26. Nc3 Bh6+ 27. Kb1 Bf4 28. Rg1 Rg8 29. Rxg8 Rxg8 30. Rh1 Bg4 31. Nb5+ Kb8 32. Be2 Kc8 33. Bc3 b6 34. Rg1 Kd7 35. Qd1 Nxe4 36.
Bxg4+ hxg4 37. Rxg4 Nxf2 38. Rxg8 Nxd1 39. Ra8 Nxc3+ 40.
Nxc3 Qh7+ 41. Ka2 Qc2+ 42. Ka3 Qxc3 43. Ra7+ Ke8 44. Re7+ Kxe7 0-1

[Event "*** Titled Tuesday Blitz"]
[Site "Chess.com"]
[Date "2021.02.16"]
[Round "5"]
[White "Cecile-Haussernot"]
[Black "akanga001"]
[Result "1-0"]
[WhiteElo "2319"]
[BlackElo "1975"]
[TimeControl "180+1"]
[EndTime "10:58:07 PST"]
[Termination "Cecile-Haussernot won by resignation"]

1. e4 c6 2. d4 d5 3. e5 Bf5 4.
h4 h5 5. Bd3 Bxd3 6. Qxd3 e6 7.
Nd2 Qa5 8. Ne2 Qa6 9. c4 Nd7 10. O-O Ne7 11. b3 Nf5 12. g3 Be7 13. Bb2 O-O 14.
Nf4 g6 15. Nf3 Rac8 16. Rfc1 Nb6 17. Nd2 Rfd8 18. Ne2 dxc4 19. bxc4 Nd5 20. Qf3 Nb6 21. a4 Bb4 22. Bc3 Bxc3 23. Qxc3 Nxa4 24. Qb4 b5 25. cxb5 cxb5 26. Ne4 Qb6 27. Nf6+ Kg7 28. Rxc8 Rxc8 29. d5 a5 30. Qf4 exd5 31. Qg5 Qe6 32. Nxh5+ Kg8 33.
Nf6+ Kf8 34. Nf4 Qxe5 35. Nd7+ Kg7 36. Nxe5 Rc7 37. Nexg6 fxg6 38. Qxg6+ Kf8 39. Ne6+ Ke7 40. Nxc7 Kd7 41. Qxf5+ 1-0

[Event "*** Titled Tuesday Blitz"]
[Site "Chess.com"]
[Date "2021.02.16"]
[Round "5"]
[White "WonderChampion"]
[Black "soumeow"]
[Result "1-0"]
[WhiteElo "2088"]
[BlackElo "2194"]
[TimeControl "180+1"]
[EndTime "10:58:08 PST"]
[Termination "WonderChampion won by resignation"]

1. d4 Nf6 2. Bg5 Ne4 3. Bf4 c5 4. f3 Qa5+ 5. c3 Nf6 6. d5 Qb6 7. Bc1 e6 8. e4 exd5 9. exd5 d6 10. Bc4 Be7 11. Ne2 O-O 12. O-O Nbd7 13. Bg5 Ne5 14. Bb3 c4+ 15. Kh1 cxb3 16. axb3 h6 17. Bf4 Bf5 18. Na3 Nd3 19. Bg3 Nh5 20. Nd4 Nxg3+ 21. hxg3 Bg6 22. Nc4 Qd8 23. f4 Nc5 24. f5 Bh7 25.
Qg4 Bf6 26. Nb5 Nxb3 27. Ra3 Nc5 28. Nbxd6 Qd7 29. b4 b5 30. bxc5 bxc4 31. Qxc4 Be5 32. Ne4 Bxf5 33. c6 Qc8 34. Re1 Bxe4 35. Rxe4 Bxg3 36. Ra1 Bd6 37. Rd1 Qf5 38. Rh4 Qg5 39. Rh3 Rfe8 40. Rf1 Qg4 41. Qxg4 1-0

[Event "*** Titled Tuesday Blitz"]
[Site "Chess.com"]
[Date "2021.02.16"]
[Round "5"]
[White "Gerodot71"]
[Black "frederiksvane"]
[Result "0-1"]
[WhiteElo "2478"]
[BlackElo "2697"]
[TimeControl "180+1"]
[EndTime "10:58:09 PST"]
[Termination "frederiksvane won by resignation"]

1. d4 Nf6 2. c4 e6 3. Nf3 d5 4. g3 Bb4+ 5. Bd2 Be7 6. Bg2 O-O 7. O-O c6 8. Qb3 b6 9. Bb4 Ba6 10.
Bxe7 Qxe7 11. Ne5 Nfd7 12. Qa3 Qxa3 13. Nxa3 Nxe5 14. dxe5 Nd7 15. f4 Rfd8 16. Rac1 Rac8 17. Kf2 Nc5 18. Ke3 Kf8 19. b3 Ke7 20. Rfd1 dxc4 21. Rxd8 Kxd8 22. Nxc4 Bxc4 23. Rxc4 Kd7 24. Rd4+ Ke7 25.
Rd6 Na6 26. a3 Nb8 27. Kd4 Rd8 28. Rxd8 Kxd8 29. Be4 g6 30. Kc4 Kc7 31. Bc2 c5 32. e3 a6 33. g4 Nd7 34. h4 b5+ 35. Kc3 Nb6 36. e4 Nd7 37. g5 Nb8 38. f5 Nc6 39. h5 Nxe5 40. fxg6 fxg6 41. Bd1 Kd6 42. b4 c4 43. Kd4 Nc6+ 44. Ke3 Ke5 45. h6 Nd8 46. Bh5 gxh5 47. g6 hxg6 0-1

[Event "*** Titled Tuesday Blitz"]
[Site "Chess.com"]
[Date "2021.02.16"]
[Round "5"]
[White "Aslanov_Umid"]
[Black "Skillcam"]
[Result "1-0"]
[WhiteElo "2353"]
[BlackElo "2490"]
[TimeControl "180+1"]
[EndTime "10:58:09 PST"]
[Termination "Aslanov_Umid won on time"]

1. e4 c5 2. Nf3 Nc6 3. d4 cxd4 4. Nxd4 Nf6 5. Nc3 e5 6. Ndb5 d6 7. Bg5 a6 8. Na3 b5 9. Nd5 Be7 10. Bxf6 Bxf6 11. c3 Ne7 12. Nc2 O-O 13. Ncb4 Bg5 14. h4 Bh6 15. a4 bxa4 16. Rxa4 a5 17. Nxe7+ Qxe7 18. Nd5 Qd8 19. Be2 Bd7 20. Ra1 a4 21. Bg4 Be6 22. Bf3 Bd7 23. g4 Bf4 24. Nxf4 exf4 25.
Qd2 Qc8 26. Qxf4 a3 27. O-O axb2 28. Rxa8 Qxa8 29. Qxd6 Bxg4 30. Bxg4 Qxe4 31. Qb4 Qc2 32. Bf3 Re8 33. Qb5 Rd8 34. Bg4 h5 35. Bf5 Qc1 36.
Bb1 1-0

[Event "*** Titled Tuesday Blitz"]
[Site "Chess.com"]
[Date "2021.02.16"]
[Round "5"]
[White "Matols"]
[Black "federicosellitti"]
[Result "0-1"]
[WhiteElo "2268"]
[BlackElo "2458"]
[TimeControl "180+1"]
[EndTime "10:58:09 PST"]
[Termination "federicosellitti won on time"]

1. d4 d5 2. c4 Nc6 3. Nc3 dxc4 4. Nf3 Nf6 5. e4 Bg4 6. d5 Ne5 7. Be2 Bxf3 8. gxf3 c6 9. Bf4 Ng6 10. Bg3 cxd5 11.
e5 Nd7 12. Nxd5 e6 13. Nc3 Bb4 14. Qa4 Bxc3+ 15. bxc3 O-O 16. f4 a6 17. Qxc4 Rc8 18.
Qd4 Nc5 19. O-O h5 20. Bxh5 Nd3 21. Bxg6 fxg6 22. Qe4 Nc5 23. Qxg6 Qe7 24. Rad1 Rf5 25. Kh1 Qf7 26. Qg4 Ne4 27. Rd3 Rxc3 28. Rxc3 Nxc3 29. Rc1 Nd5 30. Rc8+ Kh7 31. Qh4+ Rh5 32. Qd8 Qf5 33. Qh8+ Kg6 34. Qe8+ Kh6 35. Rc1 Qe4+ 0-1

[Event "*** Titled Tuesday Blitz"]
[Site "Chess.com"]
[Date "2021.02.16"]
[Round "5"]
[White "StockholmMissile"]
[Black "davigator"]
[Result "1-0"]
[WhiteElo "2522"]
[BlackElo "2362"]
[TimeControl "180+1"]
[EndTime "10:58:10 PST"]
[Termination "StockholmMissile won by resignation"]

1. d4 Nf6 2. c4 e6 3. Nf3 Bb4+ 4. Bd2 a5 5. g3 b6 6. Bg2 Ba6 7. Qc2 c6 8. O-O O-O 9. Bf4 Be7 10. Nbd2 d5 11. Ne5 Nfd7 12. Rfc1 Nxe5 13. Bxe5 Nd7 14. Bf4 Rc8 15. Qd1 Nf6 16. Bg5 h6 17. Bxf6 Bxf6 18. e3 Qd7 19. c5 Qa7 20. Nb3 Be7 21. Qd2 a4 22. cxb6 Qxb6 23. Nc5 Bb5 24. Nd7 Qb7 25.
Nxf8 Bxf8 26. Bf1 Rb8 27. Bxb5 Qxb5 28. Rab1 c5 29. dxc5 Bxc5 30. b3 Bb4 31. Qc2 a3 32. Qd1 g5 33. Qf1 Qb7 34. Rc2 Kg7 35. Rbc1 Bd6 36.
Qe2 Be5 37. f4 Bd6 38. fxg5 hxg5 39. Qg4 Qe7 40. h4 f6 41. hxg5 fxg5 42. Kg2 Rb4 43.
Qh5 Qf7 44. Qxg5+ Qg6 45. Rc7+ Bxc7 46. Rxc7+ 1-0

[Event "*** Titled Tuesday Blitz"]
[Site "Chess.com"]
[Date "2021.02.16"]
[Round "5"]
[White "mr65"]
[Black "BairaKovanova"]
[Result "1-0"]
[WhiteElo "2149"]
[BlackElo "2445"]
[TimeControl "180+1"]
[EndTime "10:58:10 PST"]
[Termination "mr65 won by resignation"]

1. e4 e5 2. Nf3 d6 3. d4 exd4 4. Nxd4 Nf6 5. Nc3 Be7 6. Bf4 O-O 7. f3 Re8 8. Qd2 a6 9. O-O-O c5 10. Nf5 Bxf5 11.
exf5 Nc6 12. Bxd6 Bxd6 13. Qxd6 Qa5 14. Bc4 Nd4 15. Nd5 Nxd5 16. Qxd5 Rf8 17. f6 g6 18.
c3 b5 19. cxd4 bxc4 20. Kb1 Rab8 21. Qxc4 Qb6 22. b3 Qxf6 23. dxc5 Rfc8 24. Rc1 a5 25. Rhd1 Rb4 26. Qc3 Qh4 27. c6 a4 28. c7 Rb7 29. g3 Qe7 30. Re1 Qd7 31. Red1 Qe6 32. Qc4 Qf6 33. Qd4 Qxd4 34. Rxd4 Rbxc7 35. Rxc7 Rxc7 36. Rxa4 Rc3 37. b4 Rxf3 38. b5 Rf6 39. Rb4 Rb6 40. a4 f5 41. a5 Rb8 42. b6 Kf7 43. b7 Ke7 44. a6 Kd7 45. a7 1-0

[Event "*** Titled Tuesday Blitz"]
[Site "Chess.com"]
[Date "2021.02.16"]
[Round "5"]
[White "Gulkov_Igor"]
[Black "Godzillator"]
[Result "1/2-1/2"]
[WhiteElo "2468"]
[BlackElo "2279"]
[TimeControl "180+1"]
[EndTime "10:58:11 PST"]
[Termination "Game drawn by repetition"]

1. Nf3 d5 2. d4 Nf6 3. c4 c6 4.
Nc3 a6 5. a4 e6 6. Bg5 a5 7. e3 Na6 8. Be2 Nb4 9. O-O Be7 10. Qb3 O-O 11. Na2 Nxa2 12. Qxa2 b6 13. cxd5 cxd5 14. Ne5 Bb7 15. Rfc1 Ne4 16. Bxe7 Qxe7 17.
Bd3 Nd6 18. Qa3 Rfc8 19. b4 f6 20. Nf3 Nc4 21. Bxc4 Rxc4 22. Rxc4 dxc4 23. b5 Qxa3 24. Rxa3 Rc8 25. Rc3 Be4 26. Ne1 Kf7 27. f3 Bb1 28.
Kf2 Ba2 29. Nd3 Bb3 30. Nb2 Ke7 31. e4 Kd6 32. Ke3 e5 33. g3 h5 34. f4 Ke6 35.
h4 Kd6 36. Rc1 c3 37. Nd3 Bxa4 38. fxe5+ fxe5 39. Nxe5 Bxb5 40. Nd3 Bxd3 41. Kxd3 b5 42. Rxc3 Rxc3+ 43. Kxc3 Ke6 44. Kb3 Kd6 45. Kc3 Ke6 46. Kb3 Kd6 47. Kc3 1/2-1/2

[Event "*** Titled Tuesday Blitz"]
[Site "Chess.com"]
[Date "2021.02.16"]
[Round "5"]
[White "julinha97"]
[Black "CroissantNeuf"]
[Result "0-1"]
[WhiteElo "2258"]
[BlackElo "2477"]
[TimeControl "180+1"]
[EndTime "10:58:12 PST"]
[Termination "CroissantNeuf won by resignation"]

1. e4 c5 2. Nf3 e6 3. b3 b6 4. Bb2 Bb7 5. Bd3 Nc6 6. c3 d5 7. O-O Nf6 8. e5 Nd7 9. Qe2 g5 10. Bb5 g4 11. Ne1 Qg5 12. d4 h5 13. Ba6 O-O-O 14. Bxb7+ Kxb7 15. f4 Qf5 16. Na3 cxd4 17. cxd4 Nxd4 18. Bxd4 Bxa3 19. Nd3 Qe4 20. Qxe4 dxe4 21.
Nf2 Nc5 22. Bc3 e3 23. Nh1 Ne4 24. Be1 e2 25. Rf2 Rd1 26. Rxe2 Bc5+ 27. Kf1 Rxa1 28. Rxe4 Rd8 29. b4 Rd4 30. Rxd4 Bxd4 31. Ke2 Rxa2+ 32.
Kd3 Ra1 33. Kxd4 Rxe1 34. Ng3 h4 35. Ne4 Re2 36. g3 Rxh2 37. gxh4 Rxh4 38. Ng5 g3 39.
Ke3 g2 40. Nf3 Rh3 41. Kf2 Rxf3+ 42. Kxg2 Rb3 43. b5 Rxb5 44. f5 exf5 0-1

[Event "*** Titled Tuesday Blitz"]
[Site "Chess.com"]
[Date "2021.02.16"]
[Round "5"]
[White "Eliwood44"]
[Black "RobertoJBM"]
[Result "0-1"]
[WhiteElo "2458"]
[BlackElo "2705"]
[TimeControl "180+1"]
[EndTime "10:58:12 PST"]
[Termination "RobertoJBM won on time"]

1. d4 d5 2. Nf3 Nf6 3. c4 c6 4. g3 dxc4 5. Nbd2 b5 6. Bg2 Bb7 7. O-O a6 8. e4 e6 9. Qc2 c5 10. b3 cxb3 11. Qxb3 cxd4 12. a4 Nbd7 13. axb5 axb5 14.
Rxa8 Qxa8 15. Nxd4 Bc5 16. Nxb5 O-O 17. Bb2 Bc6 18.
Nc3 Rb8 19. Qc2 Qb7 20. Ba1 Qa7 21. Nb3 Bxf2+ 22. Kh1 Bb6 23. Nd2 Bd4 24. Ne2 Bxa1 25.
Qxc6 Qe3 26. Nc4 Qxe2 27. Rxa1 h5 28. e5 Nxe5 29. Qc7 Ned7 30. Nd6 g6 31. Rf1 Rb2 32. Rg1 Kg7 33. Qd8 Rd2 34. Qe7 Ne5 0-1

[Event "*** Titled Tuesday Blitz"]
[Site "Chess.com"]
[Date "2021.02.16"]
[Round "5"]
[White "MatyChess1"]
[Black "Tashik"]
[Result "0-1"]
[WhiteElo "2599"]
[BlackElo "2443"]
[TimeControl "180+1"]
[EndTime "10:58:13 PST"]
[Termination "Tashik won by checkmate"]

1. e4 e5 2. Nf3 Nc6 3. Bc4 Bc5 4. c3 Nf6 5. d3 O-O 6. O-O d5 7. exd5 Nxd5 8. a4 Bg4 9. h3 Bh5 10. Nbd2 a6 11. Ne4 Be7 12. Ng3 Bg6 13. a5 Kh8 14. Re1 f6 15. Nh4 Bf7 16. Qf3 Bc5 17. Nhf5 Nce7 18. Nxe7 Bxe7 19. Nf5 Bc5 20. Qg4 Rg8 21. Bd2 Be6 22. Qf3 Qd7 23. Ng3 Bf7 24. Nf5 c6 25.
Rad1 Rad8 26. Bc1 Ba7 27. d4 Be6 28. Ng3 exd4 29. cxd4 Bf7 30. Nf5 Rde8 31. Qg4 Be6 32. Rxe6 Qxe6 33. Qf3 g6 34. Nh6 Rgf8 35. Ng4 Bb8 36. Ne3 Qd6 37. Nxd5 Qh2+ 38. Kf1 Qh1# 0-1

[Event "*** Titled Tuesday Blitz"]
[Site "Chess.com"]
[Date "2021.02.16"]
[Round "5"]
[White "RaneshRatnesan"]
[Black "eightbyeightchess"]
[Result "0-1"]
[WhiteElo "2199"]
[BlackElo "2383"]
[TimeControl "180+1"]
[EndTime "10:58:13 PST"]
[Termination "eightbyeightchess won on time"]

1. Nf3 d5 2. g3 Nf6 3. Bg2 Nc6 4. d4 Bg4 5. h3 Bxf3 6. Bxf3 h5 7. Bg5 Ne4 8. Bf4 h4 9. g4 e6 10. e3 Bd6 11. Bxd6 Nxd6 12. Nd2 Qf6 13. Bg2 O-O-O 14. c4 Nxd4 15. exd4 Qxd4 16. cxd5 Qxb2 17. O-O exd5 18. Nb3 Ne4 19. Qd4 Qxd4 20. Nxd4 g6 21. Rac1 Kb8 22. Nb3 Rhe8 23. Rfe1 b6 24. Nd4 Kb7 25. f3 Nc5 26. f4 c6 27. f5 gxf5 28. Nxf5 Rxe1+ 29. Rxe1 Nd3 30. Re7+ Ka6 31. Rxf7 d4 32. Rc7 c5 33. Bb7+ Kb5 34. Be4 Nf4 35. Rxa7 d3 36. a4+ Kb4 37. Bxd3 Rxd3 38. Ra6 Nxh3+ 39. Kh2 b5 40. axb5 Kxb5 0-1

[Event "*** Titled Tuesday Blitz"]
[Site "Chess.com"]
[Date "2021.02.16"]
[Round "5"]
[White "DrVelja"]
[Black "Buffy7"]
[Result "1-0"]
[WhiteElo "2880"]
[BlackElo "2646"]
[TimeControl "180+1"]
[EndTime "10:58:14 PST"]
[Termination "DrVelja won by resignation"]

1. e4 e5 2. Nf3 Nc6 3. Bb5 a6 4. Ba4 Nf6 5. O-O Be7 6. d3 b5 7. Bb3 d6 8. a3 O-O 9. Nc3 Bg4 10. Be3 Nd4 11. Bxd4 exd4 12. Nd5 c5 13. a4 Rc8 14. axb5 axb5 15. h3 Be6 16. Nxf6+ Bxf6 17. Bxe6 fxe6 18.
Qe2 e5 19. b3 Ra8 20. g3 Qd7 21. Kg2 Qe6 22. h4 h6 23. Nd2 Kh7 24. Qh5 g6 25.
Qe2 Bg7 26. Rxa8 Rxa8 27. f4 exf4 28. gxf4 Qf6 29. h5 Ra2 30. Qd1 gxh5 31. Kh3 Bf8 32.
f5 Be7 33. Nf3 d5 34. Rg1 Bd6 35. Rg6 Qe7 36. Qg1 Bf4 37. e5 Rxc2 38. Re6 Qf7 39. Rf6 Qe7 40. Qg6+ Kh8 41. Rf7 1-0

[Event "*** Titled Tuesday Blitz"]
[Site "Chess.com"]
[Date "2021.02.16"]
[Round "5"]
[White "Pantata007"]
[Black "ErikRonka"]
[Result "0-1"]
[WhiteElo "2276"]
[BlackElo "2481"]
[TimeControl "180+1"]
[EndTime "10:58:14 PST"]
[Termination "ErikRonka won by resignation"]

1. d4 d5 2. c4 e6 3. Nc3 a6 4.
cxd5 exd5 5. Bf4 Nf6 6. e3 Bd6 7. Bxd6 Qxd6 8. Bd3 O-O 9. Nge2 Bg4 10. Qc2 Nc6 11. a3 Ne7 12. f3 Be6 13. O-O c5 14.
dxc5 Qxc5 15. Nd4 Rac8 16. Qf2 Nc6 17. Rac1 Nxd4 18. exd4 Qa5 19. Rfe1 b5 20. h3 Rc6 21. b4 Qxa3 22. Ne2 Rxc1 23. Rxc1 Qxb4 24. g4 Rc8 25. Rxc8+ Bxc8 26. Nf4 Qd6 27. Qe3 h6 28. h4 Bd7 29. g5 hxg5 30. hxg5 Nh7 31. g6 fxg6 32.
Bxg6 Nf8 33. Bd3 Ne6 34. Ng6 Qg3+ 35. Kf1 Qh3+ 36. Ke2 Qh2+ 37. Ke1 Qg3+ 38. Ke2 Qg5 39. Ne7+ Qxe7 40. Qe5 Nxd4+ 0-1

[Event "*** Titled Tuesday Blitz"]
[Site "Chess.com"]
[Date "2021.02.16"]
[Round "5"]
[White "kayrakamer"]
[Black "ErikBlomqvist"]
[Result "1-0"]
[WhiteElo "2705"]
[BlackElo "2525"]
[TimeControl "180+1"]
[EndTime "10:58:16 PST"]
[Termination "kayrakamer won by resignation"]

1. e4 c6 2. d4 d5 3. f3 e6 4.
Nc3 Bb4 5. Bf4 Ne7 6. Qd3 b6 7. Ne2 Ba6 8. Qe3 O-O 9. O-O-O Nd7 10. a3 Bxc3 11. Nxc3 Bxf1 12. Rhxf1 Re8 13. g4 b5 14. h4 Nb6 15. h5 Nc4 16. Qd3 a5 17. h6 g6 18.
exd5 Nxd5 19. Nxd5 exd5 20. g5 Qd7 21. Rfe1 a4 22. Be5 Nxe5 23. dxe5 Rad8 24. Qd4 Qe6 25. f4 Rd7 26. Rf1 Qf5 27. Qc5 Re6 28. Qb6 Rde7 29. Kb1 Re8 30. Qc7 R8e7 31. Qb8+ Re8 32. Qb6 R8e7 33.
Qd4 Re8 34. Rfe1 Kf8 35. Re3 Kg8 36. Rc3 Qg4 37. Rdd3 Rd8 38. Rf3 Rc8 39. Qxd5 Ree8 40. Rxc6 Rcd8 41. Rd6 Qf5 1-0

[Event "*** Titled Tuesday Blitz"]
[Site "Chess.com"]
[Date "2021.02.16"]
[Round "5"]
[White "AttractiveMustard"]
[Black "KeithArkell"]
[Result "0-1"]
[WhiteElo "2377"]
[BlackElo "2538"]
[TimeControl "180+1"]
[EndTime "10:58:16 PST"]
[Termination "KeithArkell won on time"]

1. e4 c6 2. d4 d5 3. Nd2 dxe4 4. Nxe4 Nd7 5. Ng5 Ngf6 6. Bd3 Nb6 7. N1f3 Bg4 8. h3 Bxf3 9. Nxf3 g6 10. O-O Bg7 11. Re1 O-O 12. c3 Qc7 13. Bg5 c5 14. dxc5 Qxc5 15. Qe2 e6 16. Be3 Qc7 17. Bd4 Nbd5 18. Be5 Qb6 19. a3 Nh5 20. Bxg7 Kxg7 21. Qe5+ Kg8 22. c4 Ne7 23. c5 Qb3 24. Re3 Nc6 25. Qc3 Qxc3 26. bxc3 Nf6 27. Rb1 Nd5 28. Ree1 Rab8 29. c4 Nc3 30. Rb3 Na4 31. Rb5 a6 32. Rbb1 Nxc5 33. Bc2 Rfd8 34. Red1 Kf8 35. Kf1 Ke7 36.
Ke2 h6 37. h4 Rxd1 38. Rxd1 Rd8 39. Rb1 Nd4+ 40. Nxd4 Rxd4 41. Rb4 Rxh4 42. Ke3 e5 43. f3 Rd4 44. Be4 Rd7 45. Bd5 f5 46. Rb6 Rd6 47. Rb4 f4+ 48. Kf2 b6 49. Be4 Nxe4+ 50. fxe4 g5 51. Kf3 h5 52. c5 bxc5 53. Rb7+ Kf6 54. Rc7 g4+ 55. Ke2 Rd4 56. Rxc5 Rxe4+ 57. Kf2 Ra4 58. Rc3 h4 59. Rb3 Kf5 0-1